 Dungeon Crawl Stone Soup version 0.21-a0-528-gf531e82 (webtiles) character file.

4673 Amnesiac the Archer (level 10, -5/77 HPs)
             Began as a Mummy Hunter on Dec 8, 2017.
             Was a High Priest of Okawaru.
             Slain by a wolf (7 damage)
             ... in an ice cave.
             The game lasted 00:19:00 (9192 turns).

Amnesiac the Archer (Mummy Hunter)                  Turns: 9192, Time: 00:19:00

Health: -5/77      AC:  4    Str: 18    XL:     10   Next: 21%
Magic:  13/13      EV: 14    Int: 10    God:    Okawaru [*****.]
Gold:   604        SH:  0    Dex: 14    Spells: 9/9 levels left

rFire    x . .     SeeInvis .   b - +1 quarterstaff (drain)
rCold    + + .     Gourm    .   (shield currently unavailable)
rNeg     + + +     Faith    +   w - +0 troll leather armour {Purgy}
rPois    ∞         Spirit   .   (no helmet)
rElec    .         Reflect  .   (no cloak)
rCorr    .         Harm     .   (no gloves)
MR       ++...                  (no boots)
Stlth    +.........             k - amulet of faith
HPRegen  0.62/turn              h - ring of protection from magic
MPRegen  0.13/turn              m - ring of protection from cold

@: no status effects
A: no food or potions, fire vulnerability, cold resistance 1, negative energy
resistance 3, torment resistance, unbreathing
a: Heroism, Finesse, Renounce Religion


You were in an ice cave.
You worshipped Okawaru.
Okawaru was extremely pleased with you.
You were not hungry.

You visited 3 branches of the dungeon, and saw 11 of its levels.
You also visited: Sewer and Ice Cave.

You collected 604 gold pieces.

Inventory:

Hand Weapons
 a - a +1 shortbow
 b - a +1 quarterstaff of draining (weapon)
 o - a +0 hunting sling
 q - a +0 short sword
 G - a +0 mace of protection
Missiles
 d - 177 arrows
 e - 169 stones (quivered)
 i - 8 needles of confusion
 j - 52 sling bullets
 s - a throwing net
 u - 13 poisoned needles
Armour
 w - a +0 troll leather armour (worn) {Purgy}
 K - a +1 chain mail of fire resistance
Jewellery
 c - an uncursed ring of see invisible
 h - a ring of protection from magic (left hand)
 k - an amulet of faith (around neck)
 m - a ring of protection from cold (right hand)
 A - an uncursed amulet of magic regeneration {unknown}
 B - an uncursed ring of protection from magic
 F - an uncursed amulet of regeneration {unknown}
 I - an uncursed ring of fire
Wands
 E - a wand of acid (5)
 H - a wand of digging (12)
Scrolls
 f - 5 scrolls of amnesia {!r}
 g - 3 scrolls of magic mapping {!r}
 l - 2 scrolls of blinking {!r}
 n - 3 scrolls of teleportation {!r}
 p - 4 scrolls of fear {!r, unknown}
 r - 8 scrolls of remove curse {!r}
 t - 6 scrolls of immolation {!r}
 v - a scroll of fog {!r}
 x - a scroll of enchant armour {!r, unknown}
 z - a scroll of enchant weapon {!r, unknown}
 C - a scroll of random uselessness {!r, unknown}
 D - 5 scrolls of identify {!r}
Books
 y - a book of Cantrips

   Spells                             Type                      Level
   a - Confusing Touch                Hexes                        1
   b - Animate Skeleton               Necromancy                   1
   c - Summon Small Mammal            Summoning                    1
   d - Apportation                    Translocation                1


   Skills:
 + Level 6.6 Fighting
 * Level 8.2 Bows
 + Level 5.4 Armour
 + Level 5.3 Dodging
 - Level 0.7 Stealth
 + Level 4.2 Invocations


You had 9 spell levels left.
You didn't know any spells.

Dungeon Overview and Level Annotations

Branches:
Dungeon (9/15)             Temple (1/1) D:6             Orc (1/2) D:9
   Lair: D:8-11

Altars:
Ashenzari
Cheibriados
Dithmenos
Elyvilon
Fedhas
Hepliaklqana
Kikubaaqudgha
Okawaru
Ru
Sif Muna
Trog
Uskayaw
Wu Jian
Xom
Yredelemnul
Zin
The Shining One

Shops:
D:9 (

Annotations:
D:5 2 transporters
Orc:1 Josephine, Maurice


Innate Abilities, Weirdness & Mutations

You do not eat or drink.
Your flesh is vulnerable to fire.
You are immune to poison.
Your flesh is cold resistant. (rC+)
You are immune to negative energy. (rN+++)
You are immune to unholy pain and torment.
You can survive without breathing.


Message History

The wolf is heavily wounded.
The wolf bites you.
* * * LOW HITPOINT WARNING * * *
The wolf bites you.
* * * LOW HITPOINT WARNING * * *
You hit the wolf.
The wolf is severely wounded.
The wolf barely misses you. The wolf misses you.
You closely miss the wolf.
The wolf is severely wounded.
The wolf misses you. The wolf closely misses you.
You hit the wolf but do no damage. You drain the wolf!
The wolf is almost dead.
You hit the wolf.
The wolf is lightly wounded.
The wolf closely misses you. The wolf barely misses you.
You completely miss the wolf.
The wolf is lightly wounded.
The wolf closely misses you. The wolf misses you.
You miss the wolf. The wolf closely misses you.
The wolf bites you but does no damage.
You hit the wolf but do no damage. You drain the wolf!
The wolf is lightly wounded.
The wolf barely misses you.
You miss the wolf. The wolf completely misses you. The wolf misses you.
You hit the wolf. You drain the wolf!
The wolf is moderately wounded.
The wolf stops to sniff the ground.
The wolf misses you.
You miss the wolf.
The wolf is moderately wounded.
The wolf closely misses you. The wolf bites you.
* * * LOW HITPOINT WARNING * * *
You hit the wolf but do no damage.
The wolf is moderately wounded.
The wolf bites you.
* * * LOW HITPOINT WARNING * * *
The wolf bites you!
* * * LOW HITPOINT WARNING * * *
You barely miss the wolf.
The wolf is moderately wounded.
The wolf closely misses you. The wolf misses you.
You sock the wolf! You drain the wolf!
The wolf is almost dead.
You feel like a meek peon again.
You closely miss the wolf.
The wolf is lightly wounded.
The wolf bites you.
* * * LOW HITPOINT WARNING * * *
The wolf bites you.
* * * LOW HITPOINT WARNING * * *
You sock the wolf! You drain the wolf!
The wolf is severely wounded.
The wolf misses you.
You hit the wolf.
The wolf is almost dead.
The wolf bites you!
* * * LOW HITPOINT WARNING * * *
The wolf bites you.
* * * LOW HITPOINT WARNING * * *
You barely miss the wolf.
The wolf is almost dead.
The wolf bites you!
You die...

########## ##
##..##....#### ..##
#.∩.....#....#######...#
#...∩.######.@hh##....#
##....# ####h...# ###.##
###.## ### ###


You could see 3 wolves.

Vanquished Creatures
  Joseph (D:9)
  A rime drake (Orc:1)
  3 hippogriffs
  A spriggan (D:8)
  A wyvern (D:8)
  Menkaure (D:7)
  A warg (Orc:1)
  Duvessa (D:6)
  2 sky beasts
  2 ice beasts
  Purgy (Sewer)
  4 phantoms
  5 ogres
  3 centaurs
  A crocodile (D:7)
  4 bullfrogs
  Dowan (D:7)
  A howler monkey (D:8)
  A centaur zombie (D:5)
  2 crimson imps
  A jelly (D:9)
  6 orc wizards
  3 centaur skeletons
  A hound (D:4)
  3 orc priests
  A gnoll shaman (D:7)
  2 iguanas (D:7)
  6 worker ants
  A killer bee zombie (D:4)
  2 hound zombies
  A hound skeleton (D:8)
  2 gnolls (D:7)
  A howler monkey skeleton (D:6)
  2 river rats (D:6)
  3 adders
  3 shadow imps
  2 oozes
  An adder skeleton (D:5)
  3 worms
  7 leopard geckos
  35 orcs
  6 ball pythons
  9 giant cockroaches
  4 goblins
  9 hobgoblins
  5 jackals
  3 quokkas
  6 bats
  10 frilled lizards
  A jackal zombie (D:7)
  11 kobolds
  2 quokka skeletons
  A quokka zombie (D:5)
  4 rats
194 creatures vanquished.

Vanquished Creatures (others)
  An adder (D:2)
  An orc (Orc:1)
2 creatures vanquished.

Grand Total: 196 creatures vanquished

Notes
Turn   | Place    | Note
-------+----------+-------------------------------------------
     0 | D:1      | Amnesiac the Mummy Hunter began the quest for the Orb.
     0 | D:1      | Reached XP level 1. HP: 16/16 MP: 1/1
   204 | D:1      | Reached skill level 1 in Armour
   241 | D:1      | Reached XP level 2. HP: 22/22 MP: 2/2
   887 | D:2      | Reached XP level 3. HP: 24/27 MP: 3/3
   910 | D:2      | Found a white marble altar of Elyvilon.
   911 | D:2      | Found a shattered altar of Ashenzari.
  1016 | D:2      | Found a glowing golden altar of the Shining One.
  1148 | D:2      | Reached XP level 4. HP: 34/34 MP: 4/4
  1266 | D:2      | Found a glowing silver altar of Zin.
  1378 | D:2      | Found a hazy altar of Hepliaklqana.
  1684 | D:3      | Reached skill level 4 in Bows
  1785 | D:3      | Found a sacrificial altar of Ru.
  1949 | D:3      | Reached XP level 5. HP: 39/39 MP: 5/5
  2079 | D:3      | Found a faded altar of an unknown god.
  2322 | D:4      | Noticed a phantom
  2351 | D:4      | Killed a phantom
  2477 | D:4      | HP: 1/41 [worker ant (5)]
  2478 | D:4      | Reached XP level 6. HP: 2/47 MP: 6/6
  3538 | D:5      | Entered Level 5 of the Dungeon
  3608 | D:5      | Found a shimmering altar of Xom.
  3610 | D:5      | Found a bloodstained altar of Trog.
  3610 | D:5      | Noticed a manticore
  3611 | D:5      | Found a blossoming altar of Fedhas.
  3612 | D:5      | Found a transporter.
  3623 | D:5      | Found a transporter.
  3687 | D:5      | Reached skill level 5 in Bows
  3687 | D:5      | Reached XP level 7. HP: 20/53 MP: 7/7
  3923 | D:5      | Found a shattered altar of Ashenzari.
  4021 | D:5      | Noticed a hippogriff
  4126 | D:6      | Found a snail-covered altar of Cheibriados.
  4266 | D:6      | Found a staircase to the Ecumenical Temple.
  4272 | Temple   | Entered the Ecumenical Temple
  4297 | Temple   | Became a worshipper of Warmaster Okawaru
  4724 | D:6      | Found a glowing drain.
  4728 | Sewer    | Entered a sewer
  4771 | Sewer    | Noticed Purgy
  4794 | Sewer    | Killed Purgy
  5747 | D:5      | Killed a hippogriff
  5747 | D:5      | Reached * piety under Okawaru
  5747 | D:5      | Reached XP level 8. HP: 37/61 MP: 8/8
  5962 | D:7      | Reached skill level 6 in Bows
  6068 | D:7      | Reached skill level 1 in Invocations
  6202 | D:7      | Noticed Dowan
  6309 | D:7      | Killed Dowan
  6417 | D:7      | Reached ** piety under Okawaru
  6417 | D:7      | Reached skill level 5 in Fighting
  6439 | D:7      | Noticed Duvessa
  6451 | D:7      | Found a deep blue altar of Sif Muna.
  6557 | D:6      | Killed Duvessa
  6697 | D:6      | HP: 3/62 [centaur (3)]
  6848 | D:7      | Reached XP level 9. HP: 68/68 MP: 10/10
  6934 | D:7      | Reached *** piety under Okawaru
  7008 | D:7      | Noticed Menkaure
  7013 | D:7      | Killed Menkaure
  7013 | D:7      | Reached skill level 7 in Bows
  7014 | D:7      | Found a glowing golden altar of the Shining One.
  7359 | D:8      | Received a gift from Okawaru
  7720 | D:8      | Found a shadowy altar of Dithmenos.
  7808 | D:8      | Reached **** piety under Okawaru
  7808 | D:8      | Reached skill level 5 in Armour
  7840 | D:9      | Found a staircase to the Orcish Mines.
  7840 | D:9      | Found Cacymp's Weapon Emporium.
  7943 | D:9      | Noticed Joseph
  7946 | D:9      | Reached skill level 5 in Dodging
  7965 | D:8      | HP: 2/69 [phantom (7)]
  8227 | D:9      | Killed Joseph
  8227 | D:9      | Reached skill level 8 in Bows
  8227 | D:9      | Reached XP level 10. HP: 41/77 MP: 12/12
  8422 | D:9      | Received a gift from Okawaru
  8848 | Orc:1    | Entered Level 1 of the Orcish Mines
  8860 | D:9      | HP: 1/77 [ogre/giant club (21)]
  9042 | Orc:1    | Noticed Josephine
  9088 | Orc:1    | Reached ***** piety under Okawaru
  9089 | Orc:1    | Noticed Maurice
  9090 | Orc:1    | Found a frozen archway.
  9099 | IceCv    | Entered an ice cave
  9191 | IceCv    | HP: 2/77 [wolf (4)]
  9192 | IceCv    | Slain by a wolf

Vault maps used:
D:1:      dpeg_arrival_rhombi, minmay_tromino_v4_a
D:2:      zin_statuary, nicolae_overflow_hidden_temple,
          lemuel_coloured_pillars_altar, amethyst_overflow_temple_binary,
          lemuel_flame_loot_1
D:3:      lemuel_round_altar, chequers_ecumenical_altar_twisty
D:4:      kennysheep_generic_room_9
D:5:      gammafunk_temple_overflow_arena, first_bread, grunt_decor_fettered,
          ashenzari_altar_1
D:6:      lemuel_round_altar, minmay_temple_entry_fiery, serial_glass,
          glass_columns_c, glass_columns_c, glass_columns_a, glass_columns_c,
          gup_sewer_entry_spiral
D:7:      lemuel_crystal_altar, basic_altar, uniq_menkaure, uniq_duvessa
D:8:      nicolae_overflow_crystal_walls, the_bakery
D:9:      orc_david_3, uniq_joseph
Temple:   cyrus_temple_forest
Orc:1:    portal_ice_cave_rime, mines4_lemuel, uniq_josephine, uniq_maurice
Sewer:    sewer_co_purgy_island
IceCv:    ice_cave_caverns_01

Skill      XL: |  1  2  3  4  5  6  7  8  9 10 |
---------------+-------------------------------+-----
Armour         | 1 2 3 4 5 |  5.4
Dodging        | 2 3 4 5 |  5.3
Bows           | 4 5 6 8 |  8.2
Fighting       | 3 4 5 6 |  6.6
Invocations    | 2 3 4 |  4.2
Stealth        | |  0.7

Action                   |  1- 3 |  4- 6 |  7- 9 | 10-12 || total
-------------------------+-------+-------+-------+-------++-------
Melee: Mace              |       |       |   116 |       ||   116
       Quarterstaff      |       |       |       |    74 ||    74
 Fire: Shortbow          |    98 |    75 |   406 |       ||   579
       Hunting sling     |       |   177 |   217 |       ||   394
Throw: Stone             |       |       |     1 |       ||     1
Invok: Heroism           |       |       |     1 |     2 ||     3
  Use: Scroll            |       |     5 |     6 |     3 ||    14
Armor: Leather armour    |     6 |    15 |       |       ||    21
       Scale mail        |       |    51 |    43 |       ||    94
       Troll leather arm |       |       |   116 |    17 ||   133
       Chain mail        |       |       |       |     2 ||     2
Dodge: Dodged            |    19 |    88 |   386 |    81 ||   574

Table legend:
 A = Spawn XP
 B = Non-spawn XP
 C = Spawn XP percentage of total XP
 D = Spawn monster count
 E = Non-spawn monster count
 F = Spawn count percentage of total count
 G = Total turns spent on level
                    A         B        C        D         E        F      G
               +---------+---------+-------+---------+---------+-------+---------
         Total |       0 |    6676 |   0.0 |       0 |     194 |   0.0 |  9192
               +---------+---------+-------+---------+---------+-------+---------
           D:1 |       0 |      40 |   0.0 |       0 |      25 |   0.0 |   882
           D:2 |       0 |     131 |   0.0 |       0 |      24 |   0.0 |   756
           D:3 |       0 |      28 |   0.0 |       0 |      15 |   0.0 |   648
           D:4 |       0 |     403 |   0.0 |       0 |      20 |   0.0 |  1252
           D:5 |       0 |     677 |   0.0 |       0 |      11 |   0.0 |  1210
           D:6 |       0 |     750 |   0.0 |       0 |      27 |   0.0 |  1293
           D:7 |       0 |    1129 |   0.0 |       0 |      27 |   0.0 |   943
           D:8 |       0 |    1466 |   0.0 |       0 |      18 |   0.0 |   984
           D:9 |       0 |    1360 |   0.0 |       0 |      17 |   0.0 |   798
         Orc:1 |       0 |     546 |   0.0 |       0 |       2 |   0.0 |    63
         Sewer |       0 |     146 |   0.0 |       0 |       8 |   0.0 |   218
               +---------+---------+-------+---------+---------+-------+---------
